 Dungeon Crawl Stone Soup version 0.28-a0-773-g130ae17fe5 (webtiles) character file.

Game seed: 5677406179231251007

297 ytrimaz the Cutter (level 6, 0/47 HPs)
             Began as a Demonspawn Gladiator on Nov 1, 2021.
             Slain by an ogre (10 damage)
             ... on level 5 of the Dungeon.
             The game lasted 00:05:23 (4974 turns).

ytrimaz the Cutter (Demonspawn Gladiator)           Turns: 4974, Time: 00:05:23

Health: 0/47       AC: 15    Str: 16    XL:     6   Next: 12%
Magic:  6/6        EV:  5    Int: 10    God:
Gold:   126        SH:  0    Dex: 14    Spells: 5/5 levels left

rFire   . . .      SeeInvis .   a - +1 rapier
rCold   . . .      Faith    .   (no shield)
rNeg    . . .      Spirit   .   m - +0 plate armour
rPois   .          Reflect  .   c - +0 helmet
rElec   .          Harm     .   (no cloak)
rCorr   .          Rampage  .   b - +0 pair of gloves
Will    .....                   p - +0 pair of boots
Stlth   ..........              (no amulet)
HPRegen 0.15/turn               (no ring)
MPRegen 0.10/turn               (no ring)

@: no status effects
A: spiny 2, demonic touch 2
a: no special abilities


You were on level 5 of the Dungeon.
You visited 1 branch of the dungeon, and saw 5 of its levels.

You collected 126 gold pieces.

Inventory:

Hand Weapons
 a - a +1 rapier (weapon)
 l - a +0 hand axe of freezing
Missiles
 d - 3 throwing nets (quivered)
Armour
 b - a +0 pair of gloves (worn)
 c - a +0 helmet (worn)
 m - a +0 plate armour (worn)
 p - a +0 pair of boots (worn)
Jewellery
 h - a ring of magical power
Wands
 q - a wand of digging (6)
 t - a wand of iceblast (13)
Scrolls
 f - 2 scrolls of amnesia
 i - a scroll of teleportation
 k - 4 scrolls of enchant armour
Potions
 e - 2 potions of flight {unknown}
 g - a potion of mutation {unknown}
 j - 3 potions of magic
 n - a potion of ambrosia {unknown}
 o - 2 potions of curing
 r - a potion of lignification {unknown}
 s - 2 potions of cancellation {unknown}


   Skills:
 * Level 3.0 Fighting
 + Level 4.0 Short Blades
 - Level 1.7 Throwing
 * Level 3.6 Armour
 + Level 3.3 Dodging


You had 5 spell levels left.
You didn't know any spells.
Your spell library contained the following spells:

 Spells                   Type           Power      Damage    Failure   Level
 Gell's Gravitas          Tloc           0%         N/A       100%        3
 Teleport Other           Tloc           0%         N/A       100%        3
 Dispersal                Tloc           0%         N/A       100%        6


Dungeon Overview and Level Annotations

Branches:
Dungeon (5/15)
 Temple: D:4-7

Altars:
Sif Muna


Innate Abilities, Weirdness & Mutations

You are mostly covered in sharp spines.
Your touch may inflict irresistible damage on your foes.


Message History

The scorpion zombie barely misses you.
You hit the scorpion zombie but do no damage.
You touch the scorpion zombie.
The scorpion zombie is heavily damaged.
The scorpion zombie hits you but does no damage.
You barely miss the scorpion zombie.
The scorpion zombie is heavily damaged.
The scorpion zombie hits you but does no damage.
You puncture the scorpion zombie!
The scorpion zombie is severely damaged.
The scorpion zombie is struck by your spines.
The scorpion zombie hits you but does no damage.
You hit the scorpion zombie.
You touch the scorpion zombie.
You destroy the scorpion zombie!
Your Fighting skill increases to level 3!
Your Short Blades skill increases to level 4!
t - a wand of iceblast (13)
Found a stone staircase leading down.
An ogre comes into view. It is wielding a +0 giant club.
Found 8 gold pieces.
The ogre shouts!
An ogre is nearby!
An ogre is nearby!
Found a stone staircase leading up.
The ogre is struck by your spines. The ogre hits you with a +0 giant club!
You barely miss the ogre.
The ogre is lightly wounded.
Your plate armour prevents you from hitting the ogre.
Your touch misses the ogre.
The ogre is lightly wounded.
The ogre hits you with a +0 giant club!
You hit the ogre but do no damage.
The ogre is lightly wounded.
The ogre hits you with a +0 giant club!
* * * LOW HITPOINT WARNING * * *
Unknown command.
You completely miss the ogre.
The ogre is lightly wounded.
The ogre hits you with a +0 giant club!
You die...

.#.#.#. .....#.
.#...#.## ........>
#......###########
#.#^.....#.........#
#.#................#
#.#..#....@O.....$.#
#.#..#...##.#......#
#.#..#...##.#......#
...#.#......##.#.....<#
..#.#..#..###.######.#
..#.##.#......... #
#.#.#...........#
#.#.##........#.#
#.#.##.########


You could see an ogre.

Vanquished Creatures
  A hound (D:3)
  A bullfrog skeleton (D:5)
  A scorpion zombie (D:5)
  2 iguanas (D:5)
  An orc wizard (D:4)
  A hound skeleton (D:5)
  3 adders
  A worm (D:2)
  3 dart slugs
  12 orcs
  5 bats
  5 endoplasms
  3 giant cockroaches
  7 goblins
  6 hobgoblins
  5 jackals (D:1)
  5 quokkas
  9 ball pythons
  4 frilled lizards
  3 kobolds
  6 rats
84 creatures vanquished.

Notes
Turn   | Place    | Note
-------+----------+-------------------------------------------
     0 | D:1      | ytrimaz the Demonspawn Gladiator began the quest for the
                  | Orb.
     0 | D:1      | Reached XP level 1. HP: 16/16 MP: 1/1
   539 | D:1      | Gained mutation: Your touch may inflict minor irresistible
                  | damage on your foes. [demonic ancestry]
   539 | D:1      | Reached XP level 2. HP: 22/22 MP: 2/2
   681 | D:1      | Reached skill level 3 in Short Blades
  1450 | D:2      | Reached skill level 1 in Armour
  1450 | D:2      | Reached XP level 3. HP: 15/28 MP: 3/3
  2015 | D:2      | Found a faded altar of an unknown god.
  2029 | D:2      | Found a shimmering blue altar of Sif Muna.
  2650 | D:3      | Gained mutation: You are partially covered in sharp spines.
                  | [demonic ancestry]
  2650 | D:3      | Reached XP level 4. HP: 34/34 MP: 4/4
  3411 | D:3      | Gained mutation: You are mostly covered in sharp spines.
                  | [demonic ancestry]
  3411 | D:3      | Reached XP level 5. HP: 39/39 MP: 5/5
  4412 | D:5      | Entered Level 5 of the Dungeon
  4920 | D:5      | Gained mutation: Your touch may inflict irresistible damage
                  | on your foes. [demonic ancestry]
  4920 | D:5      | Reached XP level 6. HP: 42/46 MP: 6/6
  4955 | D:5      | Reached skill level 4 in Short Blades
  4974 | D:5      | Slain by an ogre

Illustrated notes

Levels and vault maps discovered:
D:1:      psy_arrival_dodecagon, layout_basic, minmay_3d_cube
D:2:      layout_basic, shapermc_ecumenical_altar_notcrosses, basic_altar,
          chequers_serial_rivers_micro_d
D:3:      kennysheep_six_static_rooms, layout_basic, serial_glass,
          glass_columns_b, glass_columns_b, due_unseen_surprise,
          feat_on_display, item_on_display_a, feat_on_display
D:4:      layout_loops_cross
D:5:      layout_basic

Skill      XL: |  1  2  3  4  5  6 |
---------------+-------------------+-----
Short Blades   | 3 4 |  4.0
Dodging        | 3 |  3.3
Armour         | 1 2 3 |  3.6
Fighting       | 3 |  3.0
Throwing       | |  1.7

Action                   |  1- 3 |  4- 6 || total
-------------------------+-------+-------++-------
Melee: Rapier            |   114 |    85 ||   199
       Touch             |    10 |    19 ||    29
  Use: Scroll            |     5 |     5 ||    10
 Stab: Sleeping          |     1 |       ||     1
Armor: Leather armour    |    39 |     7 ||    46
       Plate armour      |       |    19 ||    19
Dodge: Dodged            |    83 |    36 ||   119

Table legend: (Time is in decaauts)
 A = Elapsed time spent in this place.
 B = Non-inter-level travel time spent in this place.
 C = Inter-level travel time spent in this place.
 D = Time resting spent in this place.
 E = Time spent auto-exploring this place.
 F = Levels seen in this place.
 G = Mean time per level.
                   A        B        C        D        E       F      G
               +--------+--------+--------+--------+--------+-----+--------+
         Total |   4982 |   4854 |    128 |   1134 |   2949 |   5 |  996.4 |
       Dungeon |   4982 |   4854 |    128 |   1134 |   2949 |   5 |  996.4 |
               +--------+--------+--------+--------+--------+-----+--------+

Top non-repeatable levels by time:
     D:1: 1423 daAuts
     D:3: 1075 daAuts
     D:2: 1028 daAuts
     D:4: 893 daAuts
     D:5: 562 daAuts
